AoeStats
← WildesPony

Arena

509928539Analyzed
3v3 RM · 4d ago on Sep 28, 2026· 79m 40s· 6 players
Game mode
Random Map
Map size
Normal (6 player)
Population
200
Speed
Normal
Resources
Standard
Victory
Conquest
Starting age
Dark Age
Ending age
Imperial Age
RankedLock teamsTeams togetherTeam positionsShared explorationLock speedFull tech treeHidden civsTurbo modeCheats
Victory
Defeat
🇩🇪 Britons · Germany
854
+16
🇩🇪 Mongols · Germany
848
+16
🇩🇪 Spanish · Germany
836
+17
🇪🇸 Byzantines · Spain
876
-31
🇲🇹 Khmer · Malta
851
-16
🇺🇸 Japanese · United States
842
-16
Dtox
11:00 Feudal Age
16:59 Castle Age
15:05 Double-Bit Axe
15:31 Horse Collar
17:41 Loom
18:34 Wheelbarrow
18:13 Bow Saw
18:21 Heavy Plow
20:14 Gold Mining
20:23 Stone Mining
21:21 Scale Barding Armor
21:09 Town Watch
26:02 Stone Shaft Mining
26:49 Tusk Swords
27:42 Fortified Wall
27:53 Ballistics
30:06 Hand Cart
31:00 Forging
31:16 Chain Barding Armor
32:04 Bloodlines
31:55 Husbandry
31:55 Fletching
32:07 Padded Archer Armor
35:29 Imperial Age
35:33 Elite Ballista Elephant
36:16 Double Crossbow
39:05 Conscription
40:30 Gold Shaft Mining
42:12 Cavalier
43:11 Forging
43:37 Plate Barding Armor
42:59 Bodkin Arrow
43:20 Leather Archer Armor
48:12 Iron Casting
47:53 Elite Battle Elephant
50:48 Crop Rotation
51:48 Blast Furnace
52:12 Guard Tower
61:21 Chemistry
62:37 Siege Engineers
WAR_LORD
10:55 Feudal Age
11:48 Horse Collar
13:44 Double-Bit Axe
17:26 Wheelbarrow
19:22 Castle Age
20:19 Heavy Plow
21:23 Bow Saw
21:13 Gold Mining
21:14 Stone Mining
22:58 Wheelbarrow
24:24 Squires
24:10 Gambesons
24:12 Arson
26:02 Scale Mail Armor
26:12 Forging
27:59 Caravan
29:57 Chain Mail Armor
30:17 Iron Casting
30:46 Hand Cart
33:03 Imperial Age
33:13 Imperial Age
37:30 Plate Mail Armor
37:12 Elite Varangian Guard
39:07 Chemistry
38:33 Ballistics
38:39 Ballistics
40:04 Crop Rotation
40:37 Two-Man Saw
42:01 Gold Shaft Mining
42:11 Stone Shaft Mining
42:09 Conscription
42:08 Logistica
41:21 Elite Cataphract
44:33 Guilds
47:21 Padded Archer Armor
47:34 Scale Barding Armor
53:26 Husbandry
52:59 Light Cavalry
58:28 Hussar
Hazardus Chemikals
7:43 Loom
10:47 Feudal Age
11:33 Double-Bit Axe
11:29 Horse Collar
12:25 Town Watch
14:36 Wheelbarrow
21:53 Castle Age
21:35 Bloodlines
23:07 Bow Saw
23:26 Heavy Plow
25:41 Elite Skirmisher
31:57 Imperial Age
29:58 Herbal Medicine
30:58 Fletching
34:12 Hand Cart
34:31 Conscription
35:34 Stone Mining
35:34 Gold Mining
36:47 Two-Man Saw
36:47 Pikeman
38:06 Hoardings
39:09 Squires
42:26 Capped Ram
46:48 Kataparuto
46:14 Cavalier
46:55 Husbandry
47:31 Elite Samurai
49:33 Chemistry
48:29 Murder Holes
48:45 Masonry
48:16 Treadmill Crane
51:17 Caravan
59:12 Light Cavalry
62:16 Gold Shaft Mining
65:46 Halberdier
66:38 Forging
66:24 Bodkin Arrow
66:30 Padded Archer Armor
66:30 Scale Mail Armor
66:36 Scale Barding Armor
WildesPony
13:24 Feudal Age
19:42 Castle Age
17:30 Double-Bit Axe
19:34 Wheelbarrow
18:41 Horse Collar
18:59 Gold Mining
19:03 Stone Mining
20:00 Wheelbarrow
21:27 Bow Saw
24:43 Heavy Plow
29:36 Hand Cart
29:47 Padded Archer Armor
30:36 Pikeman
32:40 Fortified Wall
34:56 Caravan
37:12 Ballistics
37:06 Thumb Ring
38:03 Bloodlines
37:54 Husbandry
42:23 Imperial Age
43:32 Conscription
42:40 Heavy Camel Rider
44:08 Onager
47:33 Chemistry
48:26 Squires
49:41 Fletching
50:07 Leather Archer Armor
58:28 Drill
62:40 Bodkin Arrow
62:52 Scale Barding Armor
63:53 Siege Onager
FlashBen
13:22 Feudal Age
18:36 Castle Age
16:46 Double-Bit Axe
16:53 Horse Collar
18:03 Gold Mining
18:57 Stone Mining
19:05 Crossbowman
23:39 Pikeman
29:38 Wheelbarrow
28:49 Town Watch
30:21 Bow Saw
30:16 Heavy Plow
31:48 Gold Shaft Mining
31:57 Forging
32:19 Hand Cart
33:20 Husbandry
36:52 Imperial Age
36:20 Iron Casting
35:51 Scale Barding Armor
35:37 Fletching
36:14 Ballistics
36:05 Masonry
36:07 Fortified Wall
36:43 Padded Archer Armor
37:47 Cavalier
39:27 Caravan
40:18 Conscription
41:35 Bodkin Arrow
41:55 Squires
43:03 Scale Mail Armor
44:43 Chain Barding Armor
46:22 Onager
52:18 Elite Longbowman
56:26 Blast Furnace
60:23 Yeomen
61:22 Siege Engineers
61:08 Heated Shot
62:19 Chemistry
62:24 Bracer
67:11 Halberdier
75:26 Plate Barding Armor
75:07 Leather Archer Armor
74:38 Treadmill Crane
74:54 Murder Holes
75:29 Architecture
75:05 Warwolf
79:32 Ring Archer Armor
79:18 Chain Mail Armor
78:30 Capped Ram
78:31 Heavy Scorpion
78:35 Light Cavalry
78:46 Man-at-Arms
79:12 Gambesons
79:12 Arson
79:43 Careening
79:43 Clinker Construction
79:54 Shipwright
79:39 Siphons
79:25 Guard Tower
79:21 Arrowslits
Graf von Schmusestadt
12:33 Feudal Age
13:49 Wheelbarrow
13:01 Double-Bit Axe
20:20 Castle Age
19:37 Gold Mining
20:08 Horse Collar
21:16 Hand Cart
21:15 Bow Saw
21:14 Horse Collar
26:40 Scale Barding Armor
28:19 Stone Mining
29:46 Chain Barding Armor
29:40 Bloodlines
30:10 Scale Mail Armor
32:24 Husbandry
41:28 Imperial Age
40:02 Chain Mail Armor
40:02 Fortified Wall
41:19 Caravan
41:59 Cavalier
43:04 Conscription
44:31 Paladin
48:31 Plate Barding Armor
48:27 Plate Mail Armor
50:47 Ballistics
51:28 Chemistry
62:29 Squires
62:17 Arson
62:34 Squires
66:05 Onager
68:53 Forging
68:33 Fletching
68:44 Padded Archer Armor
Connection lost

Rejoining the realm…

Still unreachable

The connection could not be restored.

Session expired

The server has moved on; the page needs a fresh start.